 Dungeon Crawl Stone Soup version 0.29-a0-598-gd8304a5bf4 (webtiles) character file.

Game seed: 4246113633204287009

12397 IdlyInterested the Nimble (level 11, -8/86 HPs)
             Began as a Demonspawn Gladiator on June 15, 2022.
             Mangled by a two-headed ogre
             ... wielding a +0 giant club
              (19 damage)
             ... on level 11 of the Dungeon.
             The game lasted 00:45:37 (12173 turns).

IdlyInterested the Nimble (Demonspawn Gladiator)   Turns: 12173, Time: 00:45:37

Health: -8/86      AC: 17    Str: 16    XL:     11   Next: 61%
Magic:  18/18      EV:  6    Int: 13    God:
Gold:   823        SH:  8    Dex: 19    Spells: 20/20 levels left

rFire   + + .      SeeInvis .   I - +8 demon trident "Rift" {distort, reach+}
rCold   . . .      Faith    .   B - +0 kite shield "Zyezxui" {rF+ Dex+5}
rNeg    . . .      Spirit   .   m - +0 plate armour
rPois   .          Reflect  .   c - +0 helmet
rElec   .          Harm     +   y - scarf {harm}
rCorr   .          Rampage  .   b - +0 pair of gloves
Will    .....                   (no boots)
Stlth   ..........              h - amulet of the acrobat
HPRegen 0.24/turn               O - ring of flight
MPRegen 0.16/turn               W - ring of wizardry

@: flying
A: hooves 1, molten scales 3, foul stench 1, demonic magic 1
a: no special abilities


You were on level 11 of the Dungeon.
You visited 2 branches of the dungeon, and saw 12 of its levels.
You also visited: Ossuary.

You collected 823 gold pieces.

Inventory:

Hand Weapons
 E - a +1 halberd
 I - the +8 demon trident "Rift" (weapon) {distort, reach+}
   (You acquired it on level 5 of the Dungeon)

   It warps and distorts space around it, and may blink, banish, or inflict
   extra damage upon those it strikes.
   Unwielding it can cause banishment or high damage.
   It can reach especially far, and its reaching attacks ignore other creatures
   in the way.
 S - a +3 spear
Missiles
 d - 2 throwing nets
 e - 2 curare-tipped darts
 i - 5 datura-tipped darts
 t - 9 poisoned darts
 G - 2 silver javelins
 M - 3 javelins
 P - 8 boomerangs (quivered)
Armour
 b - a +0 pair of gloves (worn)
 c - a +0 helmet (worn)
 m - a +0 plate armour (worn)
 y - a scarf of harm (worn)
 B - the +0 kite shield "Zyezxui" (worn) {rF+ Dex+5}
   (You found it on level 4 of the Dungeon)

   Dex:       It affects your dexterity (+5).
   rF:        It protects you from fire.
 K - a +0 cloak
 Q - a +0 robe of positive energy
 Y - a +1 robe of fire resistance
Magical Staves
 D - a staff of poison
Jewellery
 h - an amulet of the acrobat (around neck)
 O - a ring of flight (left hand)
 W - a ring of wizardry (right hand)
 X - an amulet of magic regeneration
Wands
 s - a wand of paralysis (27)
 F - a wand of acid (12)
 R - a wand of flame (8)
 T - a wand of polymorph (8)
 U - a wand of iceblast (12)
Scrolls
 g - 6 scrolls of identify
 l - 2 scrolls of vulnerability
 q - 4 scrolls of fog
 r - 7 scrolls of teleportation
 z - 2 scrolls of amnesia
 C - a scroll of poison
 V - a scroll of magic mapping
Potions
 a - 2 potions of flight
 f - 2 potions of mutation
 n - 4 potions of haste
 o - 3 potions of might
 u - 2 potions of magic
 w - 3 potions of brilliance
 x - a potion of resistance
 H - 6 potions of curing
 J - a potion of ambrosia
 Z - a potion of invisibility


   Skills:
 + Level 7.9 Fighting
 * Level 10.3 Polearms
 - Level 2.0 Throwing
 - Level 2.0 Armour
 * Level 10.4 Dodging
 - Level 2.0 Stealth
 - Level 5.0 Spellcasting
 + Level 3.8 Evocations


You had 20 spell levels left.
You didn't know any spells.
Your spell library contained the following spells:

 Spells                   Type           Power      Damage    Failure   Level
 Beastly Appendage        Tmut           6%         N/A       100%        1
 Necrotize                Necr           12%        1d4       100%        1
 Conjure Flame            Conj/Fire      3%         6-21      100%        3
 Ignite Poison            Fire/Tmut/Pois 3%         N/A       100%        3
 Vampiric Draining        Necr           3%         2d6       100%        3
 Corpse Rot               Necr/Pois/Air  3%         N/A       100%        4
 Dispel Undead            Necr           3%         3d7       100%        4
 Sticky Flame             Conj/Fire      3%         2d3       100%        4
 Agony                    Necr           3%         N/A       100%        5
 Blade Hands              Tmut           1%         N/A       100%        5
 Lightning Bolt           Conj/Air       1%         1d12      100%        5
 Death Channel            Necr           1%         N/A       100%        6
 Necromutation            Tmut/Necr      1%         N/A       100%        8


Dungeon Overview and Level Annotations

Branches:
Dungeon (11/15)            Temple (1/1) D:5            Lair (0/6) D:8
    Orc (0/2) D:11        Ossuary (visited)

Altars:
Ashenzari
Cheibriados
Dithmenos
Elyvilon
Fedhas
Gozag
Hepliaklqana
Kikubaaqudgha
Makhleb
Nemelex Xobeh
Okawaru
Qazlal
Ru
Sif Muna
Trog
Uskayaw
Vehumet
Wu Jian
Xom
Yredelemnul
Zin
The Shining One

Shops:
D:6 (


Innate Abilities, Weirdness & Mutations

You have large cloven feet.
You are completely covered in molten scales. (AC +4, rF+)
You may rarely emit foul miasma when damaged in melee.
Spells you cast may paralyse adjacent enemies.


Message History

The four-headed hydra is moderately wounded.
The four-headed hydra bites you!
* * * LOW HITPOINT WARNING * * *
The four-headed hydra bites you.
* * * LOW HITPOINT WARNING * * *
The four-headed hydra bites you but does no damage.
You block the four-headed hydra's attack.
You puncture the four-headed hydra! You kick the four-headed hydra.
The four-headed hydra is moderately wounded.
The four-headed hydra blinks!
You feel much better.
The centaur warrior unwields a +0 shortbow.
The centaur warrior hits you but does no damage.
The centaur warrior kicks you but does no damage.
You block the centaur warrior's attack. x2
You barely miss the centaur warrior.
The centaur warrior is moderately wounded.
You block the centaur warrior's attack.
The centaur warrior kicks you but does no damage.
You impale the centaur warrior!!
You kick the centaur warrior, but do no damage.
The centaur warrior is severely wounded.
The centaur warrior blinks!
The centaur warrior wields a +0 shortbow.
The centaur warrior shoots an arrow.
You block the arrow. The four-headed hydra bites you.
The four-headed hydra closely misses you.
The four-headed hydra bites you but does no damage.
The four-headed hydra barely misses you.
You hit the two-headed ogre.
Space warps around the two-headed ogre.
You kick the two-headed ogre.
The two-headed ogre is lightly wounded.
The four-headed hydra bites you.
The four-headed hydra barely misses you.
The four-headed hydra bites you but does no damage.
The four-headed hydra closely misses you.
The two-headed ogre hits you with a +0 giant club!
* * * LOW HITPOINT WARNING * * *
The two-headed ogre hits you with a +0 giant club!
You die...

.. ..... .######!....
#.$.........
#....c......
#..........
#####......#+####
##...#............
#....#O...........
#...D@##..#.#.#.#.
#.....##.#### #
######....###..
...........##.## #
...........##..
#######...##....###.#
......######....# ...
......#.........#
......#.........+


You could see a four-headed hydra, a centaur warrior and a two-headed ogre.

Vanquished Creatures
  6 two-headed ogres
  An ugly thing (D:11)
  A cyclops (D:11)
  Joseph (D:9)
  2 unseen horrors
  A komodo dragon (D:8)
  2 hornets
  4 yaks
  A shadow (D:11)
  2 wraiths (D:10)
  A steam dragon (D:9)
  A basilisk (D:11)
  Duvessa (D:7)
  A water moccasin (D:5)
  A sky beast (D:8)
  An ice beast (D:6)
  2 black bears
  An orc warrior (D:8)
  4 centaurs
  A phantom (D:6)
  3 kobold brigands
  An elf zombie (Ossuary)
  6 bullfrogs
  5 scorpions
  2 necrophages
  Dowan (D:7)
  12 wights
  12 killer bees
  2 howler monkeys
  2 centaur zombies (Ossuary)
  2 hounds
  8 orc priests
  2 jellies
  Crazy Yiuf (D:5)
  3 gnoll shamans
  2 human zombies (Ossuary)
  4 iguanas
  13 orc wizards
  3 hound zombies (Ossuary)
  3 mummies (Ossuary)
  10 adders
  14 gnolls
  A shadow imp (D:7)
  6 adder zombies (Ossuary)
  2 worms (D:2)
  43 orcs
  6 ball pythons
  7 bats
  12 endoplasms
  7 giant cockroaches
  A gnoll zombie (Ossuary)
  5 goblins
  3 hobgoblins
  5 jackals
  6 quokkas
  A frilled lizard (D:1)
  2 goblin zombies (Ossuary)
  3 hobgoblin zombies (Ossuary)
  5 jackal zombies (Ossuary)
  11 kobolds
  2 kobold zombies (Ossuary)
  An orc zombie (Ossuary)
  4 quokka zombies (Ossuary)
  5 rats
  3 rat zombies (Ossuary)
287 creatures vanquished.

Vanquished Creatures (others)
  3 kobolds (D:9)
  17 fungi (D:8)
  12 plants (D:8)
32 creatures vanquished.

Grand Total: 319 creatures vanquished

Notes
Turn   | Place    | Note
-------+----------+-------------------------------------------
     0 | D:1      | IdlyInterested the Demonspawn Gladiator began the quest for
                  | the Orb.
     0 | D:1      | Reached XP level 1. HP: 16/16 MP: 1/1
   242 | D:1      | Gained mutation: You are partially covered in molten
                  | scales. (AC +2) [demonic ancestry]
   242 | D:1      | Reached XP level 2. HP: 19/22 MP: 2/2
  1262 | D:1      | Reached XP level 3. HP: 26/27 MP: 3/3
  1433 | D:1      | Gained mutation: You are occasionally teleported next to
                  | monsters. [potion of mutation]
  1433 | D:1      | Gained mutation: You sometimes lose the ability to read
                  | scrolls when taking damage. [potion of mutation]
  1433 | D:1      | Gained mutation: You are robust. (+10% HP) [potion of
                  | mutation]
  1509 | D:2      | Found a faded altar of an unknown god.
  2009 | D:2      | Reached skill level 1 in Stealth
  2051 | D:2      | Reached XP level 4. HP: 37/37 MP: 4/4
  3239 | D:4      | Noticed a scorpion
  3253 | D:4      | Killed a scorpion
  3254 | D:4      | Gained mutation: Spells you cast may paralyse adjacent
                  | enemies. [demonic ancestry]
  3254 | D:4      | Reached XP level 5. HP: 42/42 MP: 5/5
  3430 | D:4      | Identified the +0 kite shield "Zyezxui" {rF+ Dex+5}
  3677 | D:4      | Gained mutation: You are mostly covered in molten scales.
                  | (AC +3) [demonic ancestry]
  3677 | D:4      | Reached XP level 6. HP: 15/51 MP: 6/6
  3985 | D:4      | Reached skill level 1 in Spellcasting
  4545 | D:4      | Found a blossoming altar of Fedhas.
  4545 | D:4      | Found a shimmering blue altar of Sif Muna.
  4746 | D:4      | Gained mutation: You may rarely emit foul miasma when
                  | damaged in melee. [demonic ancestry]
  4746 | D:4      | Reached XP level 7. HP: 33/57 MP: 9/9
  4967 | D:5      | Entered Level 5 of the Dungeon
  5170 | D:5      | Found a staircase to the Ecumenical Temple.
  5179 | Temple   | Entered the Ecumenical Temple
  5574 | D:5      | Found a runed translucent door.
  5585 | D:5      | Noticed Crazy Yiuf
  5638 | D:5      | Reached skill level 5 in Polearms
  5638 | D:5      | Reached skill level 5 in Dodging
  5689 | D:5      | Reached skill level 1 in Evocations
  5957 | D:5      | Killed Crazy Yiuf
  6066 | D:5      | Identified a scroll of acquirement
  6066 | D:5      | Acquired the +8 demon trident "Rift" {distort, reach+}
  6066 | D:5      | Found the +8 demon trident "Rift" {distort, reach+}
  6109 | D:6      | Found Wiovuom's Weapon Boutique.
  6284 | D:6      | Reached XP level 8. HP: 66/66 MP: 11/11
  6372 | D:6      | Reached skill level 1 in Armour
  6621 | D:6      | Found a radiant altar of Vehumet.
  6687 | D:6      | Lost mutation: You are robust. (+10% HP) [potion of
                  | mutation]
  6687 | D:6      | Lost mutation: You sometimes lose the ability to read
                  | scrolls when taking damage. [potion of mutation]
  6687 | D:6      | Gained mutation: You are somewhat resistant to further
                  | mutation. [potion of mutation]
  6688 | D:6      | Lost mutation: You are occasionally teleported next to
                  | monsters. [potion of mutation]
  6688 | D:6      | Lost mutation: You are somewhat resistant to further
                  | mutation. [potion of mutation]
  6688 | D:6      | Gained mutation: You have sharp toenails. [potion of
                  | mutation]
  6924 | D:7      | Reached skill level 5 in Fighting
  6924 | D:7      | Reached XP level 9. HP: 68/68 MP: 12/12
  7081 | D:7      | Noticed Duvessa
  7088 | D:7      | Killed Duvessa
  7100 | D:7      | Noticed Dowan
  7101 | D:7      | Killed Dowan
  7315 | D:7      | Found a basalt altar of Yredelemnul.
  7502 | D:7      | Paralysed by a hornet for 3 turns
  8111 | D:8      | Noticed a komodo dragon
  8127 | D:8      | Killed an unseen horror
  8142 | D:8      | Killed a komodo dragon
  8143 | D:8      | Gained mutation: You are completely covered in molten
                  | scales. (AC +4, rF+) [demonic ancestry]
  8143 | D:8      | Reached XP level 10. HP: 39/76 MP: 15/15
  8233 | D:8      | Found a sand-covered staircase.
  8242 | Ossuary  | Entered an ossuary
  8754 | D:8      | Found a staircase to the Lair.
  9978 | D:9      | Noticed a two-headed ogre
 10000 | D:9      | Killed a two-headed ogre
 10423 | D:9      | Noticed Joseph
 10431 | D:9      | Killed Joseph
 10533 | D:10     | Entered Level 10 of the Dungeon
 10534 | D:10     | Noticed a two-headed ogre
 10539 | D:10     | Killed a two-headed ogre
 10560 | D:10     | Reached skill level 5 in Spellcasting
 10659 | D:10     | Found a bloodstained altar of Trog.
 10799 | D:10     | Noticed a two-headed ogre
 10803 | D:10     | Killed a two-headed ogre
 10804 | D:10     | Lost mutation: You have sharp toenails. [demonic ancestry]
 10804 | D:10     | Gained mutation: You have large cloven feet. [demonic
                  | ancestry]
 10804 | D:10     | Reached XP level 11. HP: 84/84 MP: 18/18
 10879 | D:10     | Noticed a two-headed ogre
 10883 | D:10     | Killed a two-headed ogre
 10905 | D:10     | Noticed a two-headed ogre
 10912 | D:10     | Killed a two-headed ogre
 10997 | D:10     | Noticed a two-headed ogre
 11002 | D:10     | Killed a two-headed ogre
 11214 | D:10     | Reached skill level 10 in Dodging
 11582 | D:10     | Reached skill level 10 in Polearms
 11683 | D:11     | Noticed a purple ugly thing
 11688 | D:11     | Killed a purple ugly thing
 11722 | D:11     | Found a staircase to the Orcish Mines.
 12151 | D:11     | Got Xaumpuju's Disquisition on Transformation and Feathers
 12155 | D:11     | Noticed a centaur warrior
 12156 | D:11     | Noticed a four-headed hydra
 12159 | D:11     | Noticed a two-headed ogre
 12173 | D:11     | Mangled by a two-headed ogre

Illustrated notes

Levels and vault maps discovered:
D:1:      eino_arrival_water_cross, layout_basic, kennysheep_minor_cross
D:2:      layout_basic, nicolae_ecumenical_oubliette
D:3:      layout_basic
D:4:      layout_basic, gammafunk_temple_overflow_elements
D:5:      layout_rooms, minmay_temple_entry_statues_fountains,
          minmay_misc_feat_room, uniq_crazy_yiuf_cottage
D:6:      layout_cave_pools, mainiacjoe_overflow_alcove_1, serial_shops,
          nicolae_square_shop, st_stairs_12, minivault_1,
          minmay_fractal_squares_5
D:7:      layout_loops_corners, nicolae_overflow_crystal_walls,
          chequers_serial_rivers_micro_d, grunt_ministairs_14, uniq_duvessa
D:8:      layout_basic, grunt_lair_entry_orc_guard_hut,
          chequers_ossuary_entry_cave, chequers_mini_garden
D:9:      layout_loops_ring, uniq_joseph
D:10:     layout_grid_maze, mainiacjoe_overflow_catwalk,
          gammafunk_temple_overflow_pools, st_stairs_2
D:11:     layout_gridville, orc_0_dummy, onia_ninara_cookie
Temple:   regret_index_temple_generic_petals

Skill      XL: |  1  2  3  4  5  6  7  8  9 10 11 |
---------------+----------------------------------+-----
Throwing       | 2 |  2.0
Dodging        | 3 4 5 6 8 9 10 | 10.4
Polearms       | 3 4 5 6 8 9 10 | 10.3
Stealth        | 1 2 |  2.0
Fighting       | 3 4 5 6 7 |  7.9
Spellcasting   | 1 2 3 5 |  5.0
Evocations     | 1 2 3 |  3.8
Armour         | 2 |  2.0

Action                   |  1- 3 |  4- 6 |  7- 9 | 10-12 || total
-------------------------+-------+-------+-------+-------++-------
Melee: Trident           |   119 |       |       |       ||   119
       Spear             |    23 |   213 |    66 |       ||   302
       Punch             |     1 |     4 |     1 |     1 ||     7
       Demon trident     |       |       |   149 |   231 ||   380
       Kick              |       |       |     8 |    33 ||    41
Throw: Boomerang         |     5 |       |       |    30 ||    35
       Stone             |       |     3 |    20 |       ||    23
       Dart              |       |     1 |       |     1 ||     2
       Throwing net      |       |       |     2 |       ||     2
       Javelin           |       |       |     1 |       ||     1
  Use: Potion            |     3 |       |     2 |     5 ||    10
       Scroll            |     1 |     8 |     9 |     5 ||    23
 Stab: Sleeping          |       |     1 |       |       ||     1
       Held in net/web   |       |       |     1 |       ||     1
Armor: Leather armour    |    10 |       |       |       ||    10
       Ring mail         |    35 |    52 |    21 |       ||   108
       Chain mail        |       |       |     6 |       ||     6
       Plate armour      |       |       |    30 |    91 ||   121
Dodge: Dodged            |    91 |   116 |    52 |   106 ||   365
Block: Kite shield       |       |       |       |    15 ||    15

Table legend: (Time is in decaauts)
 A = Elapsed time spent in this place.
 B = Non-inter-level travel time spent in this place.
 C = Inter-level travel time spent in this place.
 D = Time resting spent in this place.
 E = Time spent auto-exploring this place.
 F = Levels seen in this place.
 G = Mean time per level.
                   A        B        C        D        E       F      G
               +--------+--------+--------+--------+--------+-----+--------+
         Total |  12149 |  11709 |    440 |   2294 |   6862 |  13 |  934.5 |
       Dungeon |  11472 |  11060 |    412 |   2064 |   6670 |  11 | 1042.9 |
        Temple |    205 |    177 |     28 |      0 |    164 |   1 |  205.0 |
       Ossuary |    471 |    471 |      0 |    230 |     28 |   1 |  471.0 |
               +--------+--------+--------+--------+--------+-----+--------+

Top non-repeatable levels by time:
     D:4: 1770 daAuts
     D:1: 1545 daAuts
     D:7: 1252 daAuts
     D:9: 1222 daAuts
    D:10: 1148 daAuts
     D:2: 947 daAuts
     D:5: 919 daAuts
     D:8: 866 daAuts
     D:3: 699 daAuts
     D:6: 605 daAuts
    D:11: 495 daAuts
 Ossuary: 471 daAuts
  Temple: 205 daAuts
